 Dungeon Crawl Stone Soup version 0.17-a0-1210-g1e4f09d (webtiles) character file.

100 Pihi the Cudgeler (level 4, 0/28 HPs)
             Began as a Gargoyle Fighter on June 3, 2015.
             Slain by an adder (3 damage)
             ... on level 2 of the Dungeon.
             The game lasted 00:03:36 (1269 turns).

Pihi the Cudgeler (Gargoyle Fighter)                Turns: 1269, Time: 00:03:36

Health: 0/28       AC: 10    Str: 19    XL:     4   Next: 74%
Magic:  4/4        EV:  7    Int:  9    God:
Gold:   112        SH:  9    Dex: 10    Spells: 0 memorised, 3 levels left

rFire  . . .     SeeInvis .     a - +1 flail
rCold  . . .     Clarity  .     b - +0 scale mail
rNeg   + . .     SustAt   .     c - +0 shield
rPois  ∞         Gourm    .     (no helmet)
rElec  +         Spirit   .     (no cloak)
rCorr  .         Warding  .     (no gloves)
rMut   .         Stasis   .     (no boots)
MR     .....                    (no amulet)
Stlth  ..........               (no ring)
                                (no ring)

@: not resistant to hostile enchantments, extremely unstealthy
A: negative energy resistance 1, electricity resistance, unbreathing,
petrification resistance, rot immunity, AC +3
a: no special abilities


You were on level 2 of the Dungeon.
You were hungry.

You visited 1 branch of the dungeon, and saw 3 of its levels.

You collected 112 gold pieces.

Inventory:

Hand weapons
 a - a +1 flail (weapon)
Missiles
 i - 14 poisoned needles
 m - 8 needles of frenzy
Armour
 b - a +0 scale mail (worn)
 c - a +0 shield (worn)
Scrolls
 f - 2 scrolls of fear
 n - a scroll of recharging {unknown}
Potions
 d - a potion of might
 g - 3 potions of curing
 h - a potion of agility {unknown}
 j - a potion of heal wounds {unknown}
Comestibles
 e - 4 bread rations
 k - 2 chunks of flesh


   Skills:
 - Level 3.2 Fighting
 + Level 4.8 Maces & Flails
 - Level 3.2 Armour
 - Level 3.2 Shields


You had 3 spell levels left.
You didn't know any spells.

Dungeon Overview and Level Annotations

Branches:
Dungeon (3/15)

Altars:
The Shining One


Innate Abilities, Weirdness & Mutations

You are resistant to torment.
Your stone body is resilient (AC +3).
You are immune to poison.
You resist negative energy.
You are resistant to electric shocks.
You can survive without breathing.
You are immune to petrification.
You are immune to rotting.


Message History

The adder bites you but does no damage.
You sock the orc priest!
You kill the orc priest!
The adder bites you.
* * * LOW HITPOINT WARNING * * *
The adder bites you but does no damage.
You miss the adder. The adder bites you but does no damage.
You sock the adder!
The adder is almost dead.
You are feeling hungry.
The adder bites you.
* * * LOW HITPOINT WARNING * * *
You block the adder's attack.
You closely miss the adder.
The adder is almost dead.
You block the adder's attack.
You barely miss the adder.
The adder is almost dead.
You block the adder's attack. The adder bites you.
You die...

##...#######.## ##.## #...#
#..# #... #...# ##.### ####
#)..########...# #
#........#.....## #
#...............###### ####
#..................... #..#
#...)............###.. ##..##
#....@...........###.. #....###
##....S.......>).#....
#......## #....................
#....#..###..............#.....
##..###...........#............
#.......)....##########..#...#
#######........## ##......#
#...##....######.......#
#...###........#........


You could see an adder.

Vanquished Creatures
  An orc priest (D:2)
  4 oozes
  3 worms (D:2)
  2 giant geckos
  2 orcs (D:2)
  7 hobgoblins
  3 quokkas
  A ball python (D:2)
  4 bats (D:2)
  A giant cockroach (D:2)
  A giant newt (D:1)
  3 jackals (D:2)
  4 kobolds
  7 rats
43 creatures vanquished.

Notes
Turn   | Place    | Note
--------------------------------------------------------------
     0 | D:1      | Pihi the Gargoyle Fighter began the quest for the Orb.
     0 | D:1      | Reached XP level 1. HP: 14/14 MP: 1/1
    81 | D:1      | Found a glowing golden altar of the Shining One.
   164 | D:1      | Reached XP level 2. HP: 19/19 MP: 2/2
   710 | D:2      | Reached XP level 3. HP: 21/23 MP: 3/3
   819 | D:2      | Reached skill level 4 in Maces & Flails
   918 | D:2      | Reached XP level 4. HP: 20/28 MP: 4/4
  1269 | D:2      | Slain by an adder

Vault maps used:
D:1:      lemuel_arrival_lava_pool, tso_metal_star
D:3:      lemuel_upstairs_altar

Action                   |  1- 3 |  4- 6 || total
-------------------------+-------+-------++-------
Melee: Flail             |   118 |    37 ||   155
  Use: Scroll            |     4 |     1 ||     5
  Eat: Chunk             |       |     1 ||     1
